 Dungeon Crawl Stone Soup version 0.20-a0-45-gb3e417c (webtiles) character file.

279 FrankyJ the Skirmisher (level 6, -1/67 HPs)
             Began as an Ogre Gladiator on Nov 12, 2016.
             Slain by a hound (3 damage)
             ... on level 3 of the Dungeon.
             The game lasted 00:05:56 (3342 turns).

FrankyJ the Skirmisher (Ogre Gladiator)             Turns: 3342, Time: 00:05:57

Health: -1/67      AC:  3    Str: 21    XL:     6   Next: 26%
Magic:  6/6        EV: 11    Int:  7    God:
Gold:   150        SH:  0    Dex: 12    Spells: 0 memorised, 5 levels left

rFire  . . .     SeeInvis .     g - +0 giant club
rCold  . . .     Gourm    .     b - +0 robe
rNeg   . . .     Faith    .     (shield currently unavailable)
rPois  .         Spirit   .     c - +0 hat
rElec  .         Reflect  .     (no cloak)
rCorr  .         Harm     .     (gloves unavailable)
MR     .....                    (boots unavailable)
Stlth  +.........               (no amulet)
                                (no ring)
                                (no ring)

@: very slightly contaminated, invisible (expiring)
A: unfitting armour, tough skin 1
a: no special abilities


You were on level 3 of the Dungeon.
You were not hungry.

You visited 1 branch of the dungeon, and saw 4 of its levels.

You collected 150 gold pieces.

Inventory:

Hand Weapons
 g - a +0 giant club (weapon)
 o - a +0 blowgun
Missiles
 d - 3 throwing nets (quivered)
 l - 5 tomahawks
 p - 12 poisoned needles
Armour
 b - a +0 robe (worn)
 c - a +0 hat (worn)
Wands
 q - a wand of flame (24/48)
Scrolls
 j - a scroll of identify
 n - a scroll of amnesia
Potions
 e - a potion of brilliance
Comestibles
 a - a beef jerky
 f - 4 bread rations
 h - 2 meat rations


   Skills:
 + Level 6.0 Fighting
 + Level 4.7 Maces & Flails
 - Level 2.0 Throwing
 + Level 4.5 Dodging


You had 5 spell levels left.
You didn't know any spells.

Dungeon Overview and Level Annotations

Branches:
Dungeon (4/15)
 Temple: D:4-7

Altars:

Annotations:
D:4 Sigmund


Innate Abilities, Weirdness & Mutations

You are too large for most types of armour.
You have tough skin. (AC +1)


Message History

Sigmund mumbles some strange words.
Sigmund flickers and vanishes!
Deactivating autopickup; reactivate with Ctrl-A.
There is a stone staircase leading up here.
The hound closely misses you.
You climb upwards.
There is a stone staircase leading down here.
The hound bites you.
* * * LOW HITPOINT WARNING * * *
The hound bites you.
* * * LOW HITPOINT WARNING * * *
You sock the hound!
The hound is heavily wounded.
You flicker for a moment.
The hound barely misses you. The hound bites you.
* * * LOW HITPOINT WARNING * * *
You barely miss the hound.
The hound is heavily wounded.
The hound bites you.
You die...

#.# #.# ##########.## #########.#
#.# #...........# #.......#.# #.#
#.########..# #.#.......# #.# #.#
#..# #.#.###...# #.# #.# #..#
#.#.# ###.###.# #.# #..# #.#[#
#....#.#######.##### #[..
#.#.####..#.#.##..........####...
#.#.#..........h@<...............
#.#.##.#.####....####.###.###.#..
#.#.##.#.........#......#.###.###
..#.##.......>...................
.##.##########...#.#..#.#.#######
.##..............#.#..#.#.#
.#...............#.#..#.#.#
.###.#....###.)..#.#..#.#.#######
.#........#...........#.#........


You could see a hound.

Vanquished Creatures
  An ogre (D:3)
  An orc priest (D:4)
  An orc wizard (D:4)
  Ijyb (D:3)
  6 adders
  4 worms
  2 leopard geckos (D:3)
  An orc (D:3)
  9 bats
  2 giant cockroaches (D:3)
  7 goblins
  5 hobgoblins
  A jackal (D:2)
  4 kobolds
  A quokka (D:3)
  A ball python (D:2)
  10 rats
57 creatures vanquished.

Notes
Turn   | Place    | Note
-------+----------+-------------------------------------------
     0 | D:1      | FrankyJ the Ogre Gladiator began the quest for the Orb.
     0 | D:1      | Reached XP level 1. HP: 22/22 MP: 1/1
    39 | D:1      | Reached skill level 3 in Fighting
   106 | D:1      | Reached XP level 2. HP: 29/31 MP: 2/2
   729 | D:2      | Reached XP level 3. HP: 34/39 MP: 3/3
   883 | D:2      | Reached skill level 4 in Fighting
  1195 | D:3      | Noticed Ijyb
  1804 | D:3      | Noticed an ogre
  1817 | D:2      | Reached XP level 4. HP: 4/49 MP: 4/4
  2158 | D:3      | Killed an ogre
  2158 | D:3      | Reached skill level 5 in Fighting
  2158 | D:3      | Reached XP level 5. HP: 57/57 MP: 5/5
  2453 | D:3      | Killed Ijyb
  3311 | D:4      | Reached XP level 6. HP: 54/67 MP: 6/6
  3312 | D:4      | Noticed Sigmund
  3312 | D:4      | Reached skill level 6 in Fighting
  3341 | D:3      | HP: 1/67 [hound (3)]
  3342 | D:3      | Slain by a hound

Vault maps used:
D:1:      roderic_dead_forest
D:2:      minmay_misc_feat_diagonals, st_stairs_7, serial_bayou_pond_d
D:3:      first_bread, uniq_iyjb
D:4:      xom_teletrap_fun, uniq_sigmund, uniq_grinder, uniq_crazy_yiuf_cottage

Skill      XL: |  1  2  3  4  5  6 |
---------------+-------------------+-----
Fighting       | 3 4 5 6 |  6.0
Dodging        | 3 4 |  4.5
Maces & Flails | |  4.7
Throwing       | |  2.0

Action                   |  1- 3 |  4- 6 || total
-------------------------+-------+-------++-------
Melee: Flail             |   105 |     6 ||   111
       Giant club        |       |   106 ||   106
  Use: Potion            |     1 |     4 ||     5
       Scroll            |       |     7 ||     7
 Stab: Sleeping          |     1 |     1 ||     2
  Eat: Chunk             |     3 |     5 ||     8
Armor: Robe              |    56 |    24 ||    80
Dodge: Dodged            |    86 |    72 ||   158
